 Dungeon Crawl Stone Soup version 0.28.0-53-g5a82cb258f (console) character file.

Game seed: 5903421293761351256

457 erker the Chiller (level 7, 0/40 HPs)
             Began as a Gargoyle Ice Elementalist on June 24, 2022.
             Was an Initiate of Makhleb.
             Slain by a phantom (4 damage)
             ... on level 5 of the Dungeon.
             The game lasted 00:24:37 (5934 turns).

erker the Chiller (Gargoyle Ice Elementalist)       Turns: 5934, Time: 00:24:38

Health: 0/40       AC:  8    Str: 12    XL:     7   Next: 6%
Magic:  1/12       EV: 11    Int: 17    God:    Makhleb [......]
Gold:   181        SH:  0    Dex: 16    Spells: 6/13 levels left

rFire   . . .      SeeInvis .   k - +0 hand axe
rCold   . . .      Faith    .   (no shield)
rNeg    + . .      Spirit   .   l - +0 leather armour
rPois   ∞          Reflect  .   (no helmet)
rElec   +          Harm     .   (no cloak)
rCorr   .          Rampage  .   (no gloves)
Will    .....                   (no boots)
Stlth   ++........              (no amulet)
HPRegen 0.13/turn               s - +6 ring of dexterity
MPRegen 0.13/turn               (no ring)

@: brilliant
A: sickness immunity, AC +4, negative energy resistance 1, electricity
resistance, torment resistance 1, petrification resistance
a: Renounce Religion


You were on level 5 of the Dungeon.
You worshipped Makhleb.
Makhleb was noncommittal.
You visited 2 branches of the dungeon, and saw 6 of its levels.

You collected 181 gold pieces.

Inventory:

Hand Weapons
 d - a +0 whip
 k - a +0 hand axe (weapon)
 p - a +1 dagger of venom
Missiles
 m - 4 boomerangs (quivered)
Armour
 a - a +0 robe
 g - a +0 ring mail
 l - a +0 leather armour (worn)
Jewellery
 e - an amulet of regeneration
 s - a +6 ring of dexterity (left hand)
Scrolls
 c - a scroll of acquirement {unknown}
 f - 3 scrolls of vulnerability {unknown}
 j - 3 scrolls of identify {unknown}
 q - a scroll of blinking {unknown}
 r - a scroll of enchant armour {unknown}
Potions
 b - a potion of brilliance
 h - a potion of cancellation
 i - a potion of heal wounds {unknown}
 n - a potion of lignification {unknown}
 o - a potion of curing {unknown}


   Skills:
 - Level 2.0 Fighting
 - Level 4.0 Axes
 + Level 1.6 Armour
 - Level 1.5 Dodging
 - Level 2.1 Stealth
 - Level 3.5 Spellcasting
 + Level 5.1 Ice Magic


You had 6 spell levels left.
You knew the following spells:

 Your Spells              Type           Power      Damage    Failure   Level
a - Freeze                Ice            100%       1d11      2%          1
o - Ozocubu's Armour      Ice            30%        N/A       8%          3
r - Frozen Ramparts       Ice            60%        1d8       8%          3

Your spell library contained the following spells:

 Spells                   Type           Power      Damage    Failure   Level
 Stone Arrow              Conj/Erth      8%         3d7       54%         3
 Hailstorm                Conj/Ice       17%        3d6       58%         4
 Animate Armour           Summ/Erth      8%         N/A       91%         4
 Lehudib's Crystal Spear  Conj/Erth      2%         10d2      100%        8


Dungeon Overview and Level Annotations

Branches:
Dungeon (5/15)             Temple (1/1) D:4

Altars:
Ashenzari
Cheibriados
Dithmenos
Elyvilon
Fedhas
Gozag
Hepliaklqana
Kikubaaqudgha
Makhleb
Nemelex Xobeh
Okawaru
Qazlal
Ru
Sif Muna
Trog
Uskayaw
Vehumet
Wu Jian
Xom
Yredelemnul
Zin


Innate Abilities, Weirdness & Mutations

You are immune to sickness and miasma.
Your stone body is resilient. (AC +4)
You are immune to poison.
You resist negative energy. (rN+)
You are resistant to electric shocks. (rElec)
You are resistant to unholy torment.
You are immune to petrification.


Message History

The scorpion closely misses you. The gnoll barely misses you.
You hit the scorpion but do no damage.
The scorpion is heavily wounded.
You miss the phantom. You barely miss the white imp.
The white imp hits you but does no damage.
The scorpion stings you. The phantom completely misses you.
The gnoll hits you from afar with a +0 halberd.
You closely miss the scorpion.
The scorpion is heavily wounded.
You hit the phantom. You hit the white imp but do no damage.
The scorpion closely misses you.
The white imp hits you but does no damage.
The phantom hits you. The gnoll closely misses you.
The scorpion stings you but does no damage.
You hit the scorpion but do no damage.
The scorpion is heavily wounded.
You barely miss the phantom. You hit the white imp.
The white imp gestures at you.
The puff of frost hits you but does no damage.
The phantom hits you but does no damage.
The scorpion misses you.
The gnoll hits you from afar with a +0 halberd!
* * * LOW HITPOINT WARNING * * *
The white imp barely misses you.
Your magical contamination has completely faded away.
You closely miss the scorpion.
The scorpion is heavily wounded.
You hit the phantom but do no damage. You hit the white imp.
The phantom hits you.
* * * LOW HITPOINT WARNING * * *
The phantom blinks!
You blink.
Found a knobbly opal ring.
The scorpion stings you but does no damage.
It was a potion of cancellation.
You feel magically purged.
The phantom hits you but does no damage.
The scorpion barely misses you.
It was a potion of brilliance.
You feel clever all of a sudden.
The scorpion stings you but does no damage.
The phantom hits you.
You die...

. #.. #...
#.=..#### #.....W@#
#....##s## #..
#5g## # ##g.######
##...§5g########
#########.g......#.
..... ######g....
......###..g...#...
......og5g###### ..


You could see a phantom, a scorpion, 2 gnolls and a white imp.

Vanquished Creatures
  A scorpion (D:4)
  A hound (D:4)
  A jelly (D:3)
  2 orc priests (D:3)
  Jessica (D:3)
  An orc wizard (D:5)
  5 adders
  7 gnolls
  2 ufetubi
  4 worms
  A dart slug (D:1)
  10 orcs
  4 bats (D:3)
  6 endoplasms
  2 giant cockroaches
  7 goblins
  7 hobgoblins
  10 jackals
  6 quokkas
  5 ball pythons
  4 frilled lizards
  3 kobolds
  3 rats
93 creatures vanquished.

Vanquished Creatures (others)
  9 plants (D:2)
  10 withered plants (D:2)
19 creatures vanquished.

Grand Total: 112 creatures vanquished

Notes
Turn   | Place    | Note
-------+----------+-------------------------------------------
     0 | D:1      | erker the Gargoyle Ice Elementalist began the quest for the
                  | Orb.
     0 | D:1      | Reached XP level 1. HP: 10/10 MP: 3/3
   192 | D:1      | Reached XP level 2. HP: 15/15 MP: 3/5
   871 | D:1      | Reached XP level 3. HP: 14/19 MP: 6/6
   874 | D:1      | Reached skill level 5 in Ice Magic
   995 | D:1      | Reached skill level 1 in Fighting
  1177 | D:1      | You fall into a shaft and drop 1 floor!
  1953 | D:2      | Found a faded altar of an unknown god.
  2364 | D:2      | Learned a level 3 spell: Ozocubu's Armour
  2417 | D:2      | Reached XP level 4. HP: 26/26 MP: 5/7
  2591 | D:3      | Noticed a phantom
  2660 | D:3      | Noticed Jessica
  2667 | D:3      | Killed Jessica
  3180 | D:3      | Reached XP level 5. HP: 28/30 MP: 0/9
  3516 | D:3      | Learned a level 3 spell: Frozen Ramparts
  3955 | D:3      | Reached skill level 1 in Axes
  4388 | D:4      | Reached XP level 6. HP: 14/35 MP: 7/11
  4562 | D:4      | Noticed an ice beast
  4676 | D:4      | Found a staircase to the Ecumenical Temple.
  5283 | Temple   | Entered the Ecumenical Temple
  5545 | Temple   | Became a worshipper of Makhleb the Destroyer
  5882 | D:5      | Entered Level 5 of the Dungeon
  5898 | D:5      | Reached skill level 1 in Armour
  5898 | D:5      | Reached XP level 7. HP: 40/40 MP: 3/12
  5934 | D:5      | Slain by a phantom

Illustrated notes

Levels and vault maps discovered:
D:1:      dpeg_arrival_pits, layout_rooms
D:2:      layout_loops_ring, shapermc_ecumenical_altar_flowoftime
D:3:      layout_loops_ring, uniq_jessica
D:4:      layout_loops_cross, minmay_temple_entry_grid
D:5:      layout_rooms, gammafunk_ghost_grave, grunt_decor_arrowhead,
          eino_tiny_chamber, nicolae_stop_n_shop_2
Temple:   nicolae_temple_the_god_donut

Skill      XL: |  1  2  3  4  5  6 |
---------------+-------------------+-----
Ice Magic      | 5 |  5.1
Fighting       | 2 |  2.0
Spellcasting   | 3 |  3.5
Axes           | 3 4 |  4.0
Armour         | 1 |  1.6
Dodging        | |  1.5
Stealth        | |  2.1

Action                   |  1- 3 |  4- 6 |  7- 9 || total
-------------------------+-------+-------+-------++-------
Melee: Unarmed           |    53 |       |       ||    53
       Whip              |    65 |    55 |       ||   120
       Punch             |     2 |     8 |     1 ||    11
       Hand axe          |       |    99 |    15 ||   114
Throw: Boomerang         |       |     1 |       ||     1
 Cast: Freeze            |    34 |    27 |     3 ||    64
       Ozocubu's Armour  |       |     6 |       ||     6
       Frozen Ramparts   |       |     7 |     1 ||     8
  Use: Potion            |       |       |     2 ||     2
 Stab: Sleeping          |       |     3 |       ||     3
Armor: Robe              |    41 |       |       ||    41
       Ring mail         |    17 |    37 |       ||    54
       Leather armour    |       |    57 |    17 ||    74
Dodge: Dodged            |    59 |   135 |    20 ||   214
